[Event "ICC Open 2015"]
[Site "Internet Chess Club"]
[Date "2015.05.29"]
[Round "1"]
[White "Alekhinne"]
[Black "akibael"]
[Result "0-1"]
[ICCResult "White forfeits on time"]
[WhiteElo "1720"]
[BlackElo "2414"]
[Opening "Réti opening"]
[ECO "A04"]
[NIC "QP.11"]
[Time "19:00:45"]
[TimeControl "180+0"]

1. Nf3 g6 2. d4 Bg7 3. b3 d6 4. Bb2 Nf6 5. e3 O-O 6. Be2 Nbd7 7. O-O Ne4 8.
c4 c5 9. Nc3 Nxc3 10. Bxc3 Nf6 11. Rc1 Ne4 12. Ba1 Qa5 13. Qc2 Nf6 14. d5
Bf5 15. Bd3 Bxd3 16. Qxd3 Qxa2 17. e4 Qa5 18. e5 dxe5 19. Nxe5 Qc7 20. Rfe1
Rfe8 21. Qe3 a6 22. Nd3 b6 23. Be5 Qd7 24. Rcd1 a5 25. Nb2 Ng4 26. Qf4 Nxe5
27. Rxe5 Bxe5 28. Qxe5 Qd6 29. Qe4 e6 30. Qf3 exd5 31. cxd5 b5 32. h4 a4 33.
bxa4 bxa4 34. Qa3 Red8 35. Nc4 Qc7 36. d6 Qc6 37. Qc3 Qe4 38. h5 gxh5 39.
Re1 Qd4 40. Qg3+ Kh8 41. Ne5 Ra7 42. Nc6 Qd2 43. Qe5+ Kg8 44. Nxd8 Rd7 45.
Re3 Qd1+ 46. Kh2 Qxd6 47. Qxd6 Rxd6 48. Nb7 Rc6 49. Na5 Ra6 50. Nc4 Rb6 51.
Ra3 Rb4 52. Rc3 f6 53. Kg3 Kf7 54. Kf3 Ke6 55. Ke4 a3 56. Kd3 Kd5 57. Ne3+
Kd6 58. Rxa3 Rf4 59. Ra6+ Ke5 60. f3 Rd4+ 61. Ke2 Rb4 62. Rc6 Rb5 63. Rc7 h6
64. Rd7 Kf4 65. Nd5+ Ke5 66. Nc3 Rb2+ 67. Kd3 Rxg2 68. Rd5+ Ke6 69. Rxc5 h4
70. Ke3 h3 71. Rh5 h2 72. Ne4 f5 73. Nf2 f4+ 74. Ke2 Kf6 75. Rxh6+ Kg5 76.
Rh4 Kf5 {White forfeits on time} 0-1

[Event "ICC Open 2015"]
[Site "Internet Chess Club"]
[Date "2015.05.29"]
[Round "1"]
[White "nikenwidiartto"]
[Black "Mardaker"]
[Result "1-0"]
[ICCResult "Black checkmated"]
[WhiteElo "1839"]
[BlackElo "2758"]
[Opening "Sicilian: closed"]
[ECO "B23"]
[NIC "SI.44"]
[Time "19:01:08"]
[TimeControl "180+0"]

1. e4 c5 2. Nc3 d6 3. d4 cxd4 4. Qxd4 Nc6 5. Bb5 Bd7 6. Bxc6 Bxc6 7. Nf3 Nf6
8. Bg5 e5 9. Qd3 Rc8 10. O-O-O Qa5 11. Bxf6 gxf6 12. Kb1 Rg8 13. Nh4 Rg5 14.
f3 Qa6 15. Qxa6 bxa6 16. g4 Ke7 17. Nf5+ Ke6 18. h4 Rg8 19. h5 Rg5 20. Rd2
Rxf5 21. exf5+ Ke7 22. Rhd1 Kd7 23. Nd5 Bxd5 24. Rxd5 Rc6 25. b3 Bh6 26. c4
Be3 27. Kc2 h6 28. R1d3 Bc5 29. Kc3 a5 30. a4 Ke7 31. Kc2 a6 32. Kc3 Bb4+
33. Kc2 Rc8 34. Rd1 Kd7 35. R1d3 Kc6 36. Rd1 Re8 37. R1d3 e4 38. Re3 Re5 39.
Rxe5 fxe5 40. Rxe4 f6 41. Re2 Bc5 42. Kd3 Bg1 43. Ke4 Kc5 44. Rd2 Bd4 45.
Rd3 Kb4 46. Rxd4 exd4 47. Kxd4 Kxb3 48. g5 Kxa4 49. gxh6 Kb3 50. h7 a4 51.
h8=Q a3 52. Qb8+ Kc2 53. Qb6 a2 54. Qxa6 Kb1 55. Qb5+ Ka1 56. Kc3 d5 57.
Qb2# {Black checkmated} 1-0

[Event "ICC Open 2015"]
[Site "Internet Chess Club"]
[Date "2015.05.29"]
[Round "1"]
[White "Zigfrid"]
[Black "BigSerge"]
[Result "1-0"]
[ICCResult "Black resigns"]
[WhiteElo "3079"]
[BlackElo "1946"]
[Opening "King's Indian: fianchetto, Uhlmann (Szabo) variation"]
[ECO "E62"]
[NIC "KI.72"]
[Time "19:01:24"]
[TimeControl "180+0"]

1. Nf3 Nf6 2. g3 d6 3. d4 g6 4. c4 Bg7 5. Nc3 O-O 6. Bg2 Nc6 7. O-O e5 8. d5
Ne7 9. e4 Nd7 10. b4 h6 11. a4 f5 12. Ba3 g5 13. Nd2 f4 14. c5 Nf6 15. b5
Ng6 16. Nc4 Ne8 17. b6 axb6 18. cxb6 cxb6 19. Rb1 fxg3 20. hxg3 Rf7 21. Nxb6
Rb8 22. a5 Bf8 23. Nb5 Bd7 24. Nxd7 Qxd7 25. Qd3 h5 26. Qe2 g4 27. f3 Rc8
28. fxg4 hxg4 29. Rxf7 Kxf7 30. Rf1+ Kg8 31. Bb4 Bh6 32. Nc3 Kg7 33. Rf5 Nf6
34. Qb5 Rxc3 35. Qxd7+ Nxd7 36. Bxc3 Nc5 37. Bb4 Ne7 38. Rf1 Be3+ 39. Kh2
Nc8 40. Rb1 b6 41. Bxc5 Bxc5 42. a6 Na7 43. Bf1 Kg6 44. Be2 Kg5 45. Kg2 Nc8
46. Rf1 {Black resigns} 1-0

[Event "ICC Open 2015"]
[Site "Internet Chess Club"]
[Date "2015.05.29"]
[Round "1"]
[White "jewels2"]
[Black "DropZone"]
[Result "0-1"]
[ICCResult "White forfeits on time"]
[WhiteElo "1328"]
[BlackElo "2102"]
[Opening "Benkö gambit accepted"]
[ECO "A58"]
[NIC "BI.45"]
[Time "19:01:27"]
[TimeControl "180+0"]

1. d4 c5 2. d5 Nf6 3. c4 b5 4. cxb5 a6 5. bxa6 Bxa6 6. Nc3 d6 7. g3 g6 8.
Bg2 Bg7 9. Nf3 Nbd7 10. Rb1 O-O 11. O-O Ng4 12. Qc2 Qa5 13. Bd2 Rfb8 14. h3
Nge5 15. Nxe5 Nxe5 16. b3 Qc7 17. a4 Bc8 18. Nb5 Qd8 19. f4 Nd7 20. e4 Ba6
21. Nc3 Bxf1 22. Rxf1 Qb6 23. Rb1 c4+ 24. Kh1 cxb3 25. Qd3 Nc5 26. Qc4 Qa6
27. Nb5 Qxa4 28. Qe2 Qxb5 29. Qxb5 Rxb5 30. Bf1 Rbb8 31. Be3 Nxe4 32. Bg2
Nxg3+ 33. Kh2 Nf5 34. Bf2 Ra2 35. Bg1 Nh4 36. Ba7 Rxg2+ 37. Kh1 Rb7 38. Be3
b2 {White forfeits on time} 0-1

[Event "ICC Open 2015"]
[Site "Internet Chess Club"]
[Date "2015.05.29"]
[Round "1"]
[White "f5"]
[Black "RichardZ"]
[Result "1-0"]
[ICCResult "Black checkmated"]
[WhiteElo "2153"]
[BlackElo "1393"]
[Opening "Four knights: Spanish variation"]
[ECO "C48"]
[NIC "KP.03"]
[Time "19:01:24"]
[TimeControl "180+0"]

1. e4 e5 2. Nc3 Nf6 3. Nf3 Nc6 4. Bb5 d6 5. O-O Bd7 6. h3 Be7 7. d3 O-O 8.
Be3 h6 9. Ba4 a6 10. Bb3 Be6 11. Nd5 Qd7 12. Nxe7+ Qxe7 13. c3 Bxb3 14. axb3
d5 15. b4 dxe4 16. dxe4 Nxe4 17. Qd5 Nf6 18. Qb3 e4 19. Bc5 Qe6 20. Nd4 Qxb3
21. Nxb3 Rfe8 22. Rad1 Rad8 23. Rfe1 Ne5 24. Rxd8 Rxd8 25. Be7 Re8 26. Bxf6
gxf6 27. Rxe4 f5 28. Re3 f4 29. Re4 f3 30. Nd4 fxg2 31. Kxg2 f6 32. f4 Kf7
33. fxe5 fxe5 34. Nf3 Kf6 35. Rh4 Kg6 36. Kf2 Rf8 37. Ke3 Rf5 38. Re4 Kf6
39. Nh4 Rg5 40. Nf3 Rg3 41. h4 c6 42. Kf2 Rh3 43. Kg2 Rxf3 44. Kxf3 Kf5 45.
Rg4 h5 46. Rg5+ Ke6 47. Rxh5 Kd5 48. Ke3 Kc4 49. Rxe5 Kb3 50. h5 Kxb2 51.
Kd3 b5 52. h6 Ka3 53. h7 Ka4 54. h8=Q a5 55. Qh2 axb4 56. Qa2#
{Black checkmated}
1-0

[Event "ICC Open 2015"]
[Site "Internet Chess Club"]
[Date "2015.05.29"]
[Round "1"]
[White "Qualm"]
[Black "Uwak"]
[Result "0-1"]
[ICCResult "White resigns"]
[WhiteElo "1694"]
[BlackElo "2502"]
[Opening "Queen's pawn game, Darooha variation "]
[ECO "D02"]
[NIC "QP.08"]
[Time "19:01:14"]
[TimeControl "180+0"]

1. d4 d5 2. Nf3 Nf6 3. g3 c6 4. Bg2 g6 5. O-O Bg7 6. Bg5 O-O 7. c3 Qb6 8.
Qc1 Re8 9. Na3 Nbd7 10. h4 e5 11. dxe5 Nxe5 12. Nxe5 Rxe5 13. Nc2 Rxe2 14.
Bf3 Re8 15. Be3 Qc7 16. Bf4 Qa5 17. Nd4 Bh3 18. Rd1 Ne4 19. Qc2 Bd7 20. Kg2
Qc5 21. Be3 Qe7 22. Re1 Qd8 23. Re2 Qc8 24. Kh2 Bg4 25. Rae1 Bxf3 26. Nxf3
a5 27. Kg2 a4 28. a3 Qg4 29. Nh2 Qd7 30. Nf3 Nf6 31. Bd4 Rxe2 32. Rxe2 Re8
33. Rxe8+ Qxe8 34. Qxa4 Ne4 35. Bxg7 Kxg7 36. Qd4+ Kg8 37. Nd2 Nxd2 38. Qxd2
Qe4+ 39. Kh2 c5 40. Qe3 Qxe3 41. fxe3 Kg7 42. b4 cxb4 43. axb4 Kf6 44. Kg2
Ke5 45. Kf3 f5 46. g4 fxg4+ 47. Kxg4 Ke4 48. Kg5 Kxe3 49. Kh6 Kd3 50. Kxh7
Kxc3 51. Kxg6 d4 52. h5 d3 53. h6 d2 54. h7 d1=Q 55. h8=Q+ Qd4 56. Qxd4+
Kxd4 57. Kf5 Kc4 58. Ke4 Kxb4 59. Kd3 Kb3 60. Kd4 b5 61. Kc5 b4 {White
resigns} 0-1

[Event "ICC Open 2015"]
[Site "Internet Chess Club"]
[Date "2015.05.29"]
[Round "1"]
[White "ErnestoRondon"]
[Black "FlyAway"]
[Result "0-1"]
[ICCResult "White forfeits on time"]
[WhiteElo "1850"]
[BlackElo "2903"]
[Opening "Sicilian defense"]
[ECO "B40"]
[NIC "SI.43"]
[Time "19:00:44"]
[TimeControl "180+0"]

1. e4 c5 2. Nf3 e6 3. c3 Nf6 4. e5 Nd5 5. d4 cxd4 6. cxd4 d6 7. Nc3 Nxc3 8.
bxc3 Qc7 9. Bd2 Nd7 10. exd6 Bxd6 11. Bd3 O-O 12. O-O b6 13. Rc1 Bb7 14. Bb1
Bf4 15. Be3 Rac8 16. Qd2 Bd6 17. Qd3 g6 18. Bh6 Rfe8 19. Qe3 Nf6 20. h3 Nd5
21. Qd2 Bf4 22. Bxf4 Qxf4 23. Qd3 Rc7 24. g3 Qh6 25. Kh2 Rec8 26. c4 Ne7 27.
Ne5 Rd8 28. Ng4 Qg7 29. Rfd1 Nf5 30. d5 exd5 31. cxd5 Rcd7 32. Qe2 h5 33.
Bxf5 gxf5 34. Ne3 Qg6 35. Qf3 Rd6 36. Qxf5 R8d7 37. Qxg6+ fxg6 38. h4 Kg7
39. Kg2 Kh6 40. f4 Bxd5+ 41. Nxd5 Rxd5 42. Rxd5 Rxd5 43. Rc2 Rd3 44. Kf2 b5
45. Rb2 a6 46. Rc2 Ra3 47. Rb2 Kg7 48. Rc2 Kf6 49. Rb2 Kf5 50. Rd2 Kg4 51.
Rd5 Rxa2+ 52. Ke3 Kxg3 53. Rg5+ Kxh4 54. Rxg6 b4 55. f5 b3 56. Rb6 b2 57. f6
Ra3+ 58. Kd2 Ra1 {White forfeits on time} 0-1

[Event "ICC Open 2015"]
[Site "Internet Chess Club"]
[Date "2015.05.29"]
[Round "1"]
[White "HardAsfalt"]
[Black "DarkThrone"]
[Result "0-1"]
[ICCResult "White checkmated"]
[WhiteElo "1633"]
[BlackElo "2387"]
[Opening "Ruy Lopez: Anderssen variation"]
[ECO "C77"]
[NIC "RL.12"]
[Time "19:01:27"]
[TimeControl "180+0"]

1. e4 e5 2. Nf3 Nc6 3. Bb5 a6 4. Ba4 Nf6 5. d3 b5 6. Bb3 Be7 7. O-O O-O 8.
a4 Bb7 9. axb5 axb5 10. Rxa8 Qxa8 11. Nc3 b4 12. Nd5 d6 13. Nxe7+ Nxe7 14.
Bg5 Ng6 15. Bxf6 gxf6 16. Nd2 Kh8 17. Qh5 Qe8 18. Nf3 Rg8 19. Nh4 Qf8 20.
Nf5 Nf4 21. Qxf7 Qxf7 22. Bxf7 Rxg2+ 23. Kh1 Rg5 24. Nh6 Kg7 25. Nf5+ Rxf5
26. Bb3 Rg5 27. h4 Rg2 28. f3 f5 29. c3 bxc3 30. bxc3 Rb2 31. Bd1 Nxd3 32.
exf5 Nf2+ 33. Kg2 Nxd1+ 34. Kg3 Kf6 35. h5 Ne3 36. h6 Nxf5+ 37. Kg4 Rg2+ 38.
Kh3 Rg3+ 39. Kh2 Rxf3 40. Rd1 Rxc3 41. Kg1 Rc2 42. Re1 Rg2+ 43. Kf1 Ng3#
{White checkmated}
0-1

[Event "ICC Open 2015"]
[Site "Internet Chess Club"]
[Date "2015.05.29"]
[Round "1"]
[White "Shafkat"]
[Black "Ricardov"]
[Result "0-1"]
[ICCResult "White checkmated"]
[WhiteElo "1624"]
[BlackElo "2360"]
[Opening "Ruy Lopez: closed, Keres (...Nd7) defense"]
[ECO "C96"]
[NIC "RL.23"]
[Time "19:00:56"]
[TimeControl "180+0"]

1. e4 e5 2. Nf3 Nc6 3. Bb5 a6 4. Ba4 Nf6 5. O-O Be7 6. Re1 b5 7. Bb3 d6 8.
h3 O-O 9. c3 Na5 10. Bc2 c5 11. d4 Nd7 12. d5 Nb6 13. Nbd2 g6 14. Nf1 f5 15.
exf5 gxf5 16. Ng3 e4 17. Nh2 Bb7 18. Bh6 Rf7 19. Qh5 Qd7 20. Rad1 Bxd5 21.
b3 Be6 22. Re3 Nd5 23. Ree1 Nxc3 24. Rd2 d5 25. a3 d4 26. f4 Bxb3 27. Bg5
Bxc2 28. Rxc2 Bxg5 29. Qxg5+ Kh8 30. Nh5 Rg8 31. Qh4 Qe7 32. Qf2 Nc4 33. Nf1
Nd5 34. Nfg3 Nde3 35. Rcc1 Qh4 36. Nxe4 Qxf2+ 37. Nxf2 Rxg2+ 38. Kh1 Rxf2
39. Rg1 h6 40. Rce1 Nd2 41. Ng3 Nf3 42. Ref1 Rh2# {White checkmated} 0-1

[Event "ICC Open 2015"]
[Site "Internet Chess Club"]
[Date "2015.05.29"]
[Round "1"]
[White "Bagelhead"]
[Black "MythBulletChess"]
[Result "1-0"]
[ICCResult "Black forfeits on time"]
[WhiteElo "2331"]
[BlackElo "1558"]
[Opening "Sicilian: dragon, Yugoslav attack, Rauser variation"]
[ECO "B76"]
[NIC "SI.17"]
[Time "19:01:22"]
[TimeControl "180+0"]

1. e4 c5 2. Nf3 d6 3. d4 cxd4 4. Nxd4 Nf6 5. Nc3 g6 6. Be3 Bg7 7. f3 O-O 8.
Qd2 Nc6 9. O-O-O Nxd4 10. Bxd4 Be6 11. Kb1 Qa5 12. g4 Rac8 13. a3 h5 14. Nd5
Qxd2 15. Nxe7+ Kh7 16. Rxd2 Rce8 17. g5 Nd7 18. Bxg7 Kxg7 19. Nd5 Bxd5 20.
Rxd5 Re6 21. Bh3 Re5 22. Bxd7 Rxd5 23. exd5 Rd8 24. Bh3 f6 25. gxf6+ Kxf6
26. Re1 Kg5 27. Re4 Rf8 28. Bg2 h4 29. Kc1 h3 30. Bxh3 Rxf3 31. Bc8 Rf1+ 32.
Kd2 b6 33. h4+ Kh5 34. Bg4+ Kh6 35. Be2 Rf5 36. c4 b5 37. b3 a5 38. a4 b4
39. Ke3 Rf6 40. Bf3 Kg7 41. Re7+ Kh6 42. Re6 Rf5 43. Rxd6 Re5+ 44. Be4
{Black forfeits on time}
1-0

[Event "ICC Open 2015"]
[Site "Internet Chess Club"]
[Date "2015.05.29"]
[Round "1"]
[White "Psycho-Cowboy"]
[Black "Schack"]
[Result "1-0"]
[ICCResult "Black forfeits on time"]
[WhiteElo "2400"]
[BlackElo "1640"]
[Opening "Trompowsky attack (Ruth, Opocenský opening)"]
[ECO "A45"]
[NIC "QP.07"]
[Time "19:01:15"]
[TimeControl "180+0"]

1. d4 Nf6 2. Bg5 Ne4 3. h4 h6 4. Bc1 d5 5. Nd2 Nf6 6. Ngf3 Bf5 7. e3 e6 8.
Bd3 Bxd3 9. cxd3 c5 10. dxc5 Bxc5 11. d4 Bd6 12. Qb3 Qc7 13. O-O Nc6 14. Nb1
O-O 15. Nc3 a6 16. Bd2 Na5 17. Qc2 Nc4 18. Rac1 Rfc8 19. Qb1 Qe7 20. g3 b5
21. b3 Nxd2 22. Nxd2 b4 23. Na4 Qb7 24. Rxc8+ Rxc8 25. Rc1 Rxc1+ 26. Qxc1
Kf8 27. Qc2 Ke8 28. Nf3 Nd7 29. Ne1 Qc7 30. Qxc7 Bxc7 31. Nd3 a5 32. f4 Ke7
33. Kf2 h5 34. Ke2 f6 35. Ndc5 Nxc5 36. Nxc5 Kd6 37. Kd3 e5 38. dxe5+ fxe5
39. Na4 Kc6 40. Nb2 e4+ 41. Kd2 Bb6 42. Nd1 Kd6 43. Nf2 Ke6 44. g4 hxg4 45.
Nxg4 Kf5 46. Ne5 Bc7 47. Nc6 Kg4 48. Ne7 Kxh4 49. Nxd5 Bd6 50. Nb6 g5 51.
fxg5 Kxg5 52. Nc4 Bc7 53. Ke2 Kf5 54. Kf2 Kg4 55. Nd2 Be5 56. Nxe4 Kf5 57.
Nc5 Bd6 58. Nd3 Ke4 59. Ne1 Bc5 60. Ng2 Kd3 61. Kf3 Kc2 62. e4 Kb2 63. e5
Kxa2 64. Ke4 Kxb3 65. Kd5 Bf8 66. Ke6 a4 67. Kf7 Bc5 68. Nf4 a3 69. Nd3 Bd4
70. e6 a2 71. Nc1+ Kb2 72. Nxa2 Kxa2 73. e7 b3 74. e8=Q b2 75. Qa4+ Kb1 76.
Qxd4 {Black forfeits on time} 1-0

[Event "ICC Open 2015"]
[Site "Internet Chess Club"]
[Date "2015.05.29"]
[Round "1"]
[White "tristanfran"]
[Black "xionoula"]
[Result "0-1"]
[ICCResult "White forfeits on time"]
[WhiteElo "1596"]
[BlackElo "2185"]
[Opening "French defense"]
[ECO "C00"]
[NIC "FR.01"]
[Time "19:01:25"]
[TimeControl "180+0"]

1. e4 e6 2. Nf3 d5 3. exd5 exd5 4. d4 Bg4 5. Be2 Nc6 6. c3 Bd6 7. Be3 Qd7 8.
Nbd2 Nge7 9. O-O O-O-O 10. a4 Ng6 11. b4 Nce7 12. Qb3 f5 13. Bg5 Nf4 14.
Bxf4 Bxf4 15. Bd3 Qd6 16. h3 Bxf3 17. Nxf3 g5 18. a5 g4 19. hxg4 fxg4 20.
Ne1 g3 21. b5 gxf2+ 22. Kxf2 Ng6 23. b6 Rde8 24. bxa7 Bg3+ 25. Kg1 Kd7 26.
Bf5+ Ke7 27. Nf3 Nf4 28. Rfe1+ Kf6 29. Bg4 Ne2+ 30. Kf1 Bxe1 31. Rxe1 Ng3+
32. Kf2 Ne4+ 33. Kg1 Qg3 34. Qxb7 Qf2+ 35. Kh2 Qxg2+ 36. Kxg2 Rhg8 37. Qc6+
Re6 38. Qxc7 Re7 39. Qf4+ Kg7 40. Qf5 Nf6 41. Ne5 Rxe5 42. Qg5+ Kf7
{White forfeits on time}
0-1

[Event "ICC Open 2015"]
[Site "Internet Chess Club"]
[Date "2015.05.29"]
[Round "1"]
[White "krankenstein"]
[Black "Capaman"]
[Result "0-1"]
[ICCResult "White forfeits on time"]
[WhiteElo "1064"]
[BlackElo "2014"]
[Opening "Queen's pawn game"]
[ECO "A45"]
[NIC "QP.07"]
[Time "19:00:59"]
[TimeControl "180+0"]

1. d4 Nf6 2. h3 g6 3. Nf3 Bg7 4. Bf4 d5 5. e3 c5 6. b3 Nc6 7. Bd3 O-O 8. O-O
Bf5 9. Be2 Qb6 10. Nc3 cxd4 11. Na4 Qa5 12. exd4 Rac8 13. c4 Rfd8 14. cxd5
Nxd5 15. Bg3 Ndb4 16. Nc5 b6 17. Nb7 Qa3 18. Nxd8 Rxd8 19. Bc4 Nc2 20. Bd3
Bxd3 21. Qxd3 Nxa1 22. Rxa1 Nxd4 23. Nxd4 Rxd4 24. Qb5 Bf6 25. Qe8+ Kg7 26.
Qb8 Rd2 27. Be5 Qc5 28. Bxf6+ exf6 29. Rf1 a5 30. Qf4 Qd6 31. Qe3 Qd4 32.
Qf3 Rxa2 33. Rd1 Rd2 34. Rxd2 Qxd2 35. Qc6 Qb4 36. Qc4 Qxc4 37. bxc4 Kf8 38.
f4 Ke7 39. Kf2 Kd6 40. Ke2 Kc5 41. Kd2 Kxc4 42. Kc2 b5 43. Kb2 b4 44. Ka2 a4
45. Kb1 Kd4 46. Kb2 Ke4 47. Kc2 Kxf4 {White forfeits on time} 0-1

[Event "ICC Open 2015"]
[Site "Internet Chess Club"]
[Date "2015.05.29"]
[Round "1"]
[White "jakemate"]
[Black "ibarra"]
[Result "0-1"]
[ICCResult "White resigns"]
[WhiteElo "1837"]
[BlackElo "2826"]
[Opening "Old Indian: Ukrainian variation, 4.Nf3"]
[ECO "A54"]
[NIC "OI.04"]
[Time "19:01:41"]
[TimeControl "180+0"]

1. d4 Nf6 2. c4 d6 3. Nc3 e5 4. Nf3 e4 5. Nd2 Bf5 6. e3 c6 7. Be2 d5 8. O-O
Qd7 9. f3 exf3 10. Bxf3 Bd3 11. Re1 dxc4 12. e4 Qxd4+ 13. Kh1 Nbd7 14. Nf1
Ne5 15. Be3 Qd7 16. Be2 O-O-O 17. Qa4 b5 18. Qa6+ Qb7 19. Qxa7 Qxa7 20. Bxa7
Kb7 21. Be3 Bb4 22. Ng3 Nfg4 23. Bg1 Bxe2 24. Rxe2 Nd3 25. h3 Nge5 26. a3
Bxc3 27. bxc3 g6 28. a4 Ra8 29. Rea2 Rhb8 30. Bd4 f6 31. Ne2 Kc7 32. Bg1
Rxa4 33. Rxa4 bxa4 34. Rxa4 c5 35. Be3 Rb2 36. Nf4 Kc6 37. Nd5 Ne1 38. Ra6+
Kb7 39. Rxf6 Nxg2 40. Bxc5 Nh4 41. Bd4 Nef3 42. Rb6+ Rxb6 43. Bxb6 Kc6 44.
Bd4 Nxd4 45. cxd4 Nf3 46. Ne7+ Kb5 47. d5 c3 48. d6 c2 49. d7 c1=Q+ 50. Kg2
Nh4+ 51. Kg3 Qg5+ {White resigns} 0-1

[Event "ICC Open 2015"]
[Site "Internet Chess Club"]
[Date "2015.05.29"]
[Round "1"]
[White "jonesey"]
[Black "Eros"]
[Result "0-1"]
[ICCResult "White forfeits on time"]
[WhiteElo "1934"]
[BlackElo "3042"]
[Opening "English: symmetrical, Botvinnik system"]
[ECO "B20"]
[NIC "EO.30"]
[Time "19:02:09"]
[TimeControl "180+0"]

1. e4 c5 2. c4 Nc6 3. Nc3 g6 4. g3 Bg7 5. Bg2 e6 6. Nge2 d6 7. d3 Nge7 8.
Rb1 b6 9. a3 Bb7 10. b4 Qd7 11. Be3 Rc8 12. O-O Ba8 13. Qd2 O-O 14. Bh6 f5
15. Bxg7 Kxg7 16. Qb2 Kg8 17. Qa2 Ne5 18. Rfd1 fxe4 19. Nxe4 Nf5 20. d4 cxd4
21. Nxd4 Nxc4 22. Ng5 Bxg2 23. Kxg2 e5 24. Nxf5 Qxf5 25. h4 h6 26. Nh3 b5
27. Rxd6 Rf7 28. f4 Nxd6 29. fxe5 Rc2+ 30. Qxc2 Qxc2+ 31. Kg1 Qxb1+
{White forfeits on time}
0-1

[Event "ICC Open 2015"]
[Site "Internet Chess Club"]
[Date "2015.05.29"]
[Round "1"]
[White "orak"]
[Black "RRK"]
[Result "0-1"]
[ICCResult "White forfeits on time"]
[WhiteElo "1585"]
[BlackElo "2332"]
[Opening "Sicilian defense"]
[ECO "B20"]
[NIC "SI.48"]
[Time "19:00:34"]
[TimeControl "180+0"]

1. e4 c5 2. c4 d6 3. Nc3 Nf6 4. g3 g6 5. h3 Bg7 6. Bg2 O-O 7. Nge2 Nc6 8.
O-O e5 9. d3 Ne8 10. a3 f5 11. f4 Nd4 12. Rb1 Be6 13. b4 Qd7 14. Kh2 Nf6 15.
Be3 b6 16. Nd5 Bxd5 17. exd5 Nxe2 18. Qxe2 Rae8 19. fxe5 dxe5 20. Qd2 e4 21.
d4 cxd4 22. Bxd4 Qc7 23. Be3 Qxc4 24. Rfc1 Qxd5 25. Qe2 Qf7 26. Rc2 Nd5 27.
Rbc1 Nxe3 28. Qxe3 Be5 29. a4 Bd6 30. b5 f4 31. Qd4 fxg3+ 32. Kh1 Bc5 33.
Qd1 Re5 34. Re2 Rfe8 35. Qd2 R8e7 36. Rf1 Qe8 37. Qf4 Rf5 38. Qxg3 Rxf1+ 39.
Bxf1 e3 40. Bg2 Rd7 41. Qg4 Rd1+ 42. Kh2 Qe5+ 43. Qg3 Qxg3+ 44. Kxg3 Ra1 45.
Bc6 Rxa4 46. Kf3 Rb4 47. Kg3 Kf7 48. Kf3 Kf6 49. Kg3 Ke5 50. Kf3 Kd4 51. Re1
Rb2 52. Rd1+ Kc3 53. Re1 Rf2+ 54. Ke4 Kd2 55. Ra1 e2 56. Ra2+ Kc3 57. Ra1
Rf1 58. Rxf1 exf1=Q 59. Ke5 Qxh3 60. Kf6 Qf5+ 61. Kg7 Qe5+ 62. Kf7 h5 63.
Kxg6 h4 64. Kf7 h3 65. Kg6 h2 66. Kf7 Qh5+ 67. Ke6 h1=Q 68. Bxh1 Qxh1 69.
Kd7 Qe4 70. Kc7 Kb4 71. Kd7 Kxb5 72. Kc7 Qe7+ {White forfeits on time} 0-1

[Event "ICC Open 2015"]
[Site "Internet Chess Club"]
[Date "2015.05.29"]
[Round "1"]
[White "LastKeks"]
[Black "RONENOSH9"]
[Result "1-0"]
[ICCResult "Black forfeits on time"]
[WhiteElo "3181"]
[BlackElo "1959"]
[Opening "Caro-Kann: advance variation"]
[ECO "B12"]
[NIC "CK.04"]
[Time "19:00:47"]
[TimeControl "180+0"]

1. e4 c6 2. d4 d5 3. e5 Bf5 4. h4 h5 5. c4 e6 6. Nc3 Nd7 7. Nge2 Bg6 8. Nf4
Bf5 9. Nxh5 g6 10. Ng3 Rxh4 11. Rxh4 Qxh4 12. cxd5 cxd5 13. Nxf5 gxf5 14. g3
Qh1 15. Bg5 Bb4 16. Qb3 Qe4+ 17. Be3 Bxc3+ 18. Qxc3 Ne7 19. Qb3 Nb6 20. Rc1
Nc6 21. Bb5 Kd7 22. Ke2 Qg2 23. a4 Rc8 24. a5 Nc4 25. a6 Nxe3 26. axb7 Nc4
27. Bxc6+ Rxc6 28. b8=Q Qe4+ 29. Qe3 Qg4+ 30. f3 Qxg3 31. Rxc4 Rxc4 32.
Qxa7+ Rc7 33. Qa4+ Kd8 34. Qa5 Kd7 35. Qb5+ Kd8 36. Qbd3 Qh2+ 37. Qf2 Qf4
38. Qfe3 Qh2+ 39. Kd1 Qh1+ 40. Kd2 Qh2+ 41. Qde2 Qh1 42. Qe1 Qh2+ 43. Q3e2
Qh5 44. Qe3 Rc2+ 45. Kxc2 Qh2+ 46. Kb1 Qh6 47. Ka2 Qxe3 48. Qxe3 Ke7 49. Qb3
Kf8 50. Qb4+ Kg7 51. Qe7 Kg6 52. Qf6+ Kh5 53. f4 Kg4 54. Qg5+ Kf3 55. Qf6
Ke2 56. Qxf7 Kd3 57. Qxe6 Kc2 58. Qxd5 Kc1 59. e6 {Black forfeits on time}
1-0

[Event "ICC Open 2015"]
[Site "Internet Chess Club"]
[Date "2015.05.29"]
[Round "1"]
[White "HaraldEskilstu"]
[Black "rookfish"]
[Result "1-0"]
[ICCResult "Black forfeits on time"]
[WhiteElo "2016"]
[BlackElo "1067"]
[Opening "Vienna game, Max Lange defense"]
[ECO "C25"]
[NIC "VG.04"]
[Time "19:01:24"]
[TimeControl "180+0"]

1. e4 e5 2. Nc3 Nc6 3. Bc4 Bc5 4. d3 Nf6 5. f4 O-O 6. Nf3 d6 7. Na4 Bd4 8.
c3 Bf2+ 9. Kxf2 Ng4+ 10. Ke1 Na5 11. h3 Nf6 12. fxe5 dxe5 13. Bg5 c6 14.
Bxf6 Qxf6 15. b4 b5 16. bxa5 bxc4 17. Nc5 Rd8 18. d4 exd4 19. cxd4 Rb8 20.
Qd2 Rb5 21. e5 Qf5 22. Qc3 Rb1+ 23. Kf2 Rxh1 24. Rxh1 Be6 25. Re1 Qg6 26.
Qe3 Qc2+ 27. Re2 Qf5 28. g4 Qg6 29. Qe4 Qh6 30. h4 Bd5 31. Qe3 Qg6 32. h5
Qb1 33. Kg3 Bxf3 34. Kxf3 Qf1+ 35. Rf2 Qxf2+ 36. Kxf2 {Black forfeits on
time} 1-0

[Event "ICC Open 2015"]
[Site "Internet Chess Club"]
[Date "2015.05.29"]
[Round "1"]
[White "olimpus"]
[Black "Irenaeus"]
[Result "1/2-1/2"]
[ICCResult "Game drawn by repetition"]
[WhiteElo "2737"]
[BlackElo "1809"]
[Opening "Benko's opening"]
[ECO "A00"]
[NIC "VO.09"]
[Time "19:02:03"]
[TimeControl "180+0"]

1. g3 e5 2. Bg2 Nc6 3. c4 Nf6 4. Nc3 g6 5. e3 Bg7 6. Nge2 O-O 7. O-O d6 8.
Rb1 Be6 9. Nd5 Qd7 10. d4 exd4 11. exd4 Bf5 12. Ra1 Nxd5 13. cxd5 Ne7 14.
Qb3 Bh3 15. Bxh3 Qxh3 16. Qxb7 Nf5 17. Nf4 Qg4 18. Be3 Rab8 19. Qxc7 Nxd4
20. Bxd4 Bxd4 21. Qxd6 Rxb2 22. Kg2 g5 23. h3 Qf5 24. Rad1 Be5 25. Qa3 gxf4
26. Qf3 Qf6 27. g4 Rfb8 28. Rfe1 Rxa2 29. Re2 Rbb2 30. Rde1 Rxe2 31. Rxe2
Ra1 32. Rd2 Bd6 33. Rc2 Qe5 34. Qe2 f3+ 35. Kxf3 Qf4+ 36. Kg2 Qh2+ 37. Kf3
Qf4+ 38. Kg2 Qh2+ 39. Kf3 Qf4+ {Game drawn by repetition} 1/2-1/2

[Event "ICC Open 2015"]
[Site "Internet Chess Club"]
[Date "2015.05.29"]
[Round "1"]
[White "santiagoelawad"]
[Black "vasek"]
[Result "1/2-1/2"]
[ICCResult "White ran out of time and Black has no material to mate"]
[WhiteElo "2030"]
[BlackElo "1266"]
[Opening "English opening"]
[ECO "E12"]
[NIC "EO.64"]
[Time "19:01:11"]
[TimeControl "180+0"]

1. c4 Nf6 2. Nf3 b6 3. Nc3 Bb7 4. d4 e6 5. Bf4 Bb4 6. e3 Ne4 7. Rc1 Nxc3 8.
bxc3 Ba3 9. Rb1 O-O 10. Be2 h6 11. O-O Be7 12. c5 d6 13. cxd6 cxd6 14. h3
Nd7 15. Qb3 Nf6 16. Nd2 Rc8 17. Bf3 Bxf3 18. Nxf3 Nd5 19. Rfc1 Nxf4 20. exf4
Qd7 21. g3 Bf6 22. h4 Rc7 23. Nd2 Rfc8 24. Ne4 Qc6 25. Nxf6+ gxf6 26. Qd1
Qe4 27. Qg4+ Kh7 28. Qh5 Qg6 29. Qxg6+ fxg6 30. Rb3 Kg7 31. Kg2 Kf7 32. Kf3
d5 33. Ke3 Ke7 34. Kd3 Kd6 35. Ra3 Re8 36. Re1 Rec8 37. Re3 Re8 38. Kd2 Rec8
39. Rb3 Re8 40. Rb1 Rec8 41. Rbe1 Re8 42. R1e2 Rc6 43. Kc2 Rc7 44. Kb3 Rc6
45. g4 Rc7 46. f5 gxf5 47. gxf5 e5 48. dxe5+ fxe5 49. Rg3 Rf7 50. Rg6+ Ke7
51. Rxe5+ Kf8 52. Rxe8+ Kxe8 53. f6 Kf8 54. Rxh6 Ke8 55. Kb4 Kd7 56. h5 Ke6
57. Rg6 Kf5 58. Rg7 Kxf6 59. Rxf7+ Kxf7 60. f4 Kg7 61. Kb5 Kh6 62. Kc6 Kxh5
63. Kxd5 Kg6 64. Kc6 Kf6 65. Kb7 Kf5 66. Kxa7 Kxf4 67. Kxb6 Ke5 68. c4 Kd6
69. c5+ Kd5 70. c6 Kd4 71. a4 Ke5 72. a5 Ke6 73. a6 Ke5 74. a7 Kf4 75. a8=Q
Ke4 76. Qd8 Ke5 77. c7 Kf5 78. Qd7+ Kf6 79. Qc8 Kg6 80. Qb8 Kg5 81. Qc8 Kf4
82. Qd8 Ke3 83. c8=Q Kf2 84. Qdd7 Kf3 85. Qcc6+ Kg3 86. Qdd5 Kf2 87. Qcc4
Kg3 88. Qdd3+ Kf2 {White ran out of time and Black has no material to mate}
1/2-1/2